 Dungeon Crawl Stone Soup version 0.29-a0-923-g6e406bff71 (webtiles) character file.

Game seed: 1238093733763040193

1628 pokeman the Thaumaturge (level 8, -2/45 HPs)
             Began as a Deep Elf Hedge Wizard on July 27, 2022.
             Shot with an arrow by a centaur (11 damage)
             ... on level 6 of the Dungeon.
             The game lasted 00:18:52 (7636 turns).

pokeman the Thaumaturge (Deep Elf Hedge Wizard)     Turns: 7636, Time: 00:18:52

Health: -2/45      AC:  7    Str:  3    XL:     8   Next: 65%
Magic:  25/33      EV: 11    Int: 26    God:
Gold:   338        SH:  0    Dex: 14    Spells: 13/27 levels left

rFire   . . .      SeeInvis .   i - +5 war axe "Guphatt" {vorpal, rN++ MP+9 Str-4 Int+4}
rCold   . . .      Faith    .   (no shield)
rNeg    + + +      Spirit   .   f - +0 leather armour
rPois   .          Reflect  .   p - +1 helmet
rElec   .          Harm     .   a - +0 cloak
rCorr   .          Rampage  .   (no gloves)
Will    .....                   m - +0 pair of boots
Stlth   ++........              (no amulet)
HPRegen 0.15/turn               x - ring of positive energy
MPRegen 0.23/turn               (no ring)

@: no status effects
A: no striking features
a: no special abilities


You were on level 6 of the Dungeon.
You visited 1 branch of the dungeon, and saw 6 of its levels.

You collected 338 gold pieces.

Inventory:

Hand Weapons
 i - the +5 war axe "Guphatt" (weapon) {vorpal, rN++ MP+9 Str-4 Int+4}
   (You found it on level 3 of the Dungeon)

   It inflicts extra damage upon your enemies.
   Str:       It affects your strength (-4).
   Int:       It affects your intelligence (+4).
   rN:        It greatly protects you from negative energy.
   MP:        It affects your magic capacity (+9).
Armour
 a - a +0 cloak (worn)
 f - a +0 leather armour (worn)
 m - a +0 pair of boots (worn)
 p - a +1 helmet (worn)
 y - a +0 buckler
Magical Staves
 g - a staff of conjuration
Jewellery
 x - a ring of positive energy (left hand)
Scrolls
 c - a scroll of teleportation {unknown}
 e - 5 scrolls of enchant armour {unknown}
 j - a scroll of fear {unknown}
 k - a scroll of amnesia {unknown}
 n - 5 scrolls of blinking {unknown}
 r - a scroll of poison {unknown}
 t - a scroll of magic mapping {unknown}
 v - 2 scrolls of identify {unknown}
 w - 3 scrolls of noise {unknown}
 A - a scroll of torment {unknown}
Potions
 b - 6 potions of curing {unknown}
 d - 2 potions of magic
 h - 3 potions of might {unknown}
 l - a potion of degeneration {unknown}
 o - 3 potions of berserk rage {unknown}
 q - 2 potions of ambrosia {unknown}
 s - a potion of flight {unknown}
 u - a potion of brilliance {unknown}
 z - a potion of haste {unknown}


   Skills:
 - Level 2.5 Fighting
 - Level 2.2 Armour
 - Level 3.0 Dodging
 - Level 3.0 Stealth
 + Level 0.0 Shields
 * Level 10.1 Spellcasting
 + Level 5.3 Conjurations
 - Level 1.1 Summonings
 - Level 1.1 Translocations
 - Level 1.0 Fire Magic
 - Level 1.1 Air Magic
 + Level 4.1 Earth Magic
 - Level 1.0 Poison Magic
 - Level 1.0 Evocations


You had 13 spell levels left.
You knew the following spells:

 Your Spells              Type           Power      Damage    Failure   Level
a - Magic Dart            Conj           100%       1d8       1%          1
b - Mephitic Cloud        Conj/Pois/Air  26%        N/A       10%         3
c - Call Imp              Summ           18%        N/A       9%          2
d - Blink                 Tloc           36%        N/A       9%          2
e - Conjure Flame         Conj/Fire      29%        6-21      7%          3
f - Stone Arrow           Conj/Erth      74%        3d11      3%          3

Your spell library contained the following spells:

 Spells                   Type           Power      Damage    Failure   Level
 Static Discharge         Conj/Air       30%        3-7/arc   3%          2
 Slow                     Hex            52%        N/A       9%          1
 Call Canine Familiar     Summ           18%        N/A       17%         3
 Ignite Poison            Fire/Tmut/Pois 16%        N/A       21%         3
 Portal Projectile        Hex/Tloc       32%        N/A       22%         3
 Sticky Flame             Conj/Fire      29%        2d5       24%         4
 Animate Armour           Summ/Erth      52%        N/A       30%         4
 Leda's Liquefaction      Hex/Erth       11%        N/A       36%         4
 Dispel Undead            Necr           13%        3d9       65%         4
 Lehudib's Crystal Spear  Conj/Erth      18%        10d6      100%        8


Dungeon Overview and Level Annotations

Branches:
Dungeon (6/15)
 Temple: D:4-7

Altars:
Kikubaaqudgha
The Shining One

Shops:
D:3 (   D:5 (   D:6 (


Message History

w - 3 scrolls labelled SUITYJUIHA (gained 1)
Found a robe.
A - a scroll labelled NAUGRO SOMNOE You pick up a book of Touch and begin reading...
You add the spells Static Discharge and Dispel Undead to your library.
Found a glowing golden altar of the Shining One.
A centaur comes into view.
The centaur shouts!
The centaur wields a +0 shortbow.
The centaur shoots an arrow.
The arrow hits you.
The centaur shoots an arrow.
The arrow hits you.
The centaur shoots an arrow.
The arrow hits you.
Casting: Stone Arrow (dangerous; 3% risk of failure)
Confirm with . or Enter, or press ? or * to list all spells.
Aiming: Mephitic Cloud (dangerous; 10% risk of failure)
Press: ? - help, Shift-Dir - straight line The ball explodes into a vile cloud!
The stinking cloud engulfs the centaur but does no damage.
The centaur shoots an arrow.
The arrow hits you.
The centaur shoots an arrow.
The arrow hits you.
Unknown command.
Unknown command.
The centaur shoots an arrow.
The arrow hits you.
Casting: Mephitic Cloud (dangerous; 10% risk of failure)
Confirm with . or Enter, or press ? or * to list all spells.
Aiming: Stone Arrow (dangerous; 3% risk of failure)
Press: ? - help, Shift-Dir - straight line, f - centaur
Aim: a centaur, wielding a +0 shortbow (84% to hit)
The stone arrow hits the centaur!!
The centaur is almost dead.
The centaur shoots an arrow.
The arrow hits you.
The centaur shoots an arrow.
The arrow hits you!
* * * LOW HITPOINT WARNING * * *
Casting: Stone Arrow (dangerous; 3% risk of failure)
Confirm with . or Enter, or press ? or * to list all spells.
Aiming: Stone Arrow (dangerous; 3% risk of failure)
Press: ? - help, Shift-Dir - straight line, f/p - centaur
Aim: a centaur, wielding a +0 shortbow (almost dead, 84% to hit)
The stone arrow misses the centaur.
The centaur shoots an arrow.
The arrow hits you!
You die...

#.........# #.#
#####..##.# #.#
#.###.# #.#
##.._#.# #.#
#..###.# ##.# #.#
#.# #.# ####
#.###.#####.##
##.##...
#.....@.°○☼...
..##.##
#.......☼.c... ...
#####.######## #.#
#.# #.# #.# #.#####
#.# ##......
#.##########..∩....
#.##.............##
#.##.########.##.#


You could see a centaur.

Vanquished Creatures
  The ghost of greasedhog the Covert, a novice GrBr (D:5)
  3 ogres
  A centaur (D:6)
  A phantom (D:5)
  A bullfrog (D:6)
  A scorpion (D:3)
  A gnoll sergeant (D:6)
  3 wights (D:6)
  2 hounds
  2 jellies
  A gnoll bouda (D:5)
  An iguana (D:5)
  2 orc wizards
  10 gnolls
  13 adders
  An ufetubus (D:5)
  A worm (D:4)
  2 dart slugs (D:1)
  11 orcs
  6 endoplasms
  4 giant cockroaches
  6 hobgoblins
  2 jackals (D:2)
  9 kobolds
  3 quokkas
  15 ball pythons
  3 bats
  3 frilled lizards
  8 goblins
  4 rats
121 creatures vanquished.

Vanquished Creatures (collateral kills)
  2 jackals (D:2)
2 creatures vanquished.

Grand Total: 123 creatures vanquished

Notes
Turn   | Place    | Note
-------+----------+-------------------------------------------
     0 | D:1      | pokeman the Deep Elf Hedge Wizard began the quest for the
                  | Orb.
     0 | D:1      | Reached XP level 1. HP: 10/10 MP: 7/7
   550 | D:1      | Reached XP level 2. HP: 15/15 MP: 7/9
  1248 | D:2      | Reached skill level 5 in Spellcasting
  1449 | D:2      | Reached XP level 3. HP: 14/20 MP: 5/11
  1453 | D:2      | Learned a level 3 spell: Mephitic Cloud
  1456 | D:2      | Learned a level 2 spell: Call Imp
  1459 | D:2      | Learned a level 2 spell: Blink
  1463 | D:2      | Learned a level 3 spell: Conjure Flame
  1817 | D:2      | Reached skill level 1 in Armour
  1825 | D:2      | Found a faded altar of an unknown god.
  2404 | D:2      | Reached skill level 1 in Fighting
  2432 | D:2      | HP: 1/20 [frozen (3)]
  2434 | D:2      | Reached XP level 4. HP: 2/25 MP: 1/13
  2742 | D:2      | Learned a level 3 spell: Stone Arrow
  2971 | D:3      | Noticed a scorpion
  2977 | D:3      | Killed a scorpion
  2978 | D:3      | Reached skill level 6 in Spellcasting
  3191 | D:3      | Identified the +5 war axe "Guphatt" {vorpal, rN++ MP+9
                  | Str-4 Int+4}
  3262 | D:3      | Reached XP level 5. HP: 29/29 MP: 15/15
  3772 | D:3      | Found Vurov's Antique Weapon Boutique.
  4541 | D:4      | Reached skill level 1 in Evocations
  4648 | D:4      | Reached skill level 1 in Fire Magic
  5003 | D:4      | Reached XP level 6. HP: 34/34 MP: 17/17
  5507 | D:5      | Entered Level 5 of the Dungeon
  5585 | D:5      | Reached skill level 1 in Poison Magic
  5723 | D:5      | Reached skill level 7 in Spellcasting
  5723 | D:5      | Reached skill level 1 in Air Magic
  6011 | D:5      | Noticed greasedhog's ghost (novice GrBr)
  6070 | D:5      | Reached skill level 1 in Earth Magic
  6194 | D:5      | Found Obebbi's Weapon Emporium.
  6289 | D:5      | Found an ancient bone altar of Kikubaaqudgha.
  6337 | D:5      | Found a transporter.
  6349 | D:5      | Found a transporter.
  6362 | D:5      | Reached XP level 7. HP: 20/38 MP: 20/20
  6932 | D:5      | Reached skill level 8 in Spellcasting
  7037 | D:5      | Killed greasedhog's ghost
  7038 | D:5      | Reached skill level 9 in Spellcasting
  7038 | D:5      | Reached XP level 8. HP: 45/45 MP: 4/23
  7184 | D:6      | Found Sood's Antique Weapon Boutique.
  7363 | D:6      | Reached skill level 5 in Conjurations
  7491 | D:6      | Reached skill level 10 in Spellcasting
  7621 | D:6      | Found a glowing golden altar of the Shining One.
  7636 | D:6      | Shot with an arrow by a centaur

Illustrated notes

Levels and vault maps discovered:
D:1:      minmay_arrival_radiant_lines, layout_loops_ring
D:2:      kennysheep_six_static_rooms, layout_basic,
          nicolae_ecumenical_snake_handling
D:3:      layout_loops_corners, serial_shops, shop
D:4:      layout_basic, minivault_5, minmay_snake_closets
D:5:      layout_loops_cross, lemuel_tele_altar, gammafunk_ghost_smash,
          serial_shops, shop
D:6:      layout_loops_ring, kennysheep_mini, minmay_temple_entry_overgrown,
          serial_shops, shop

Skill      XL: |  1  2  3  4  5  6  7  8 |
---------------+-------------------------+-----
Spellcasting   | 5 6 7 9 10 | 10.1
Armour         | 1 2 |  2.2
Conjurations   | 2 3 4 5 |  5.3
Fighting       | 1 2 |  2.5
Stealth        | 3 |  3.0
Dodging        | 3 |  3.0
Evocations     | 1 |  1.0
Fire Magic     | 1 |  1.0
Poison Magic   | 1 |  1.0
Air Magic      | 1 |  1.1
Earth Magic    | 1 3 4 |  4.1
Summonings     | |  1.1
Translocations | |  1.1

Action                   |  1- 3 |  4- 6 |  7- 9 || total
-------------------------+-------+-------+-------++-------
Melee: Dagger            |     3 |       |       ||     3
       Staff             |    14 |     1 |       ||    15
       War axe           |       |    58 |     9 ||    67
 Cast: Magic Dart        |   107 |    82 |     3 ||   192
       Call Imp          |     2 |       |       ||     2
       Mephitic Cloud    |       |     7 |     5 ||    12
       Conjure Flame     |       |     2 |     3 ||     5
       Blink             |       |     1 |     1 ||     2
       Stone Arrow       |       |       |    38 ||    38
 Stab: Sleeping          |       |     7 |       ||     7
       Confused          |       |     4 |     1 ||     5
Armor: Leather armour    |    29 |    28 |     1 ||    58
Dodge: Dodged            |    68 |    56 |     4 ||   128

Table legend: (Time is in decaauts)
 A = Elapsed time spent in this place.
 B = Non-inter-level travel time spent in this place.
 C = Inter-level travel time spent in this place.
 D = Time resting spent in this place.
 E = Time spent auto-exploring this place.
 F = Levels seen in this place.
 G = Mean time per level.
                   A        B        C        D        E       F      G
               +--------+--------+--------+--------+--------+-----+--------+
         Total |   7669 |   7521 |    148 |    508 |   5802 |   6 | 1278.2 |
       Dungeon |   7669 |   7521 |    148 |    508 |   5802 |   6 | 1278.2 |
               +--------+--------+--------+--------+--------+-----+--------+

Top non-repeatable levels by time:
     D:5: 1680 daAuts
     D:2: 1665 daAuts
     D:4: 1648 daAuts
     D:1: 1170 daAuts
     D:3: 1041 daAuts
     D:6: 464 daAuts
